 Dungeon Crawl Stone Soup version 0.19-a0-1238-gee6bd96 (webtiles) character file.

55594 PurpleRed the Devastator (level 14, -9/76 HPs)
             Began as a Deep Elf Conjurer on Aug 26, 2016.
             Was a High Priest of Vehumet.
             Killed from afar by a deep elf knight (39 damage)
             ... with a shard of ice
             ... on level 2 of the Elven Halls.
             The game lasted 01:31:29 (7516 turns).

PurpleRed the Devastator (Deep Elf Conjurer)        Turns: 7516, Time: 01:31:30

Health: -9/76      AC: 11    Str:  5    XL:     14   Next: 38%
Magic:  43/53      EV: 11    Int: 32    God:    Vehumet [*****.]
Gold:   1334       SH:  6    Dex: 15    Spells: 7 memorised, 16 levels left

rFire  . . .     SeeInvis .     a - +11 short sword of Woe {pierce, Int+6}
rCold  . . .     Gourm    .     h - +1 ring mail "Zicurch" {MR+}
rNeg   . . .     Faith    .     D - +2 buckler
rPois  .         Spirit   .     C - +1 helmet
rElec  .         Dismiss  +     n - +0 cloak
rCorr  .         Reflect  .     E - +0 pair of gloves
MR     ++...     Harm     .     N - +0 pair of boots
Stlth  +.........               J - amulet of dismissal
                                g - ring of magical power
                                j - ring of magical power

@: no status effects
A: no striking features
a: Renounce Religion


You were on level 2 of the Elven Halls.
You worshipped Vehumet.
Vehumet was extremely pleased with you.
You were not hungry.

You visited 5 branches of the dungeon, and saw 22 of its levels.

You collected 1711 gold pieces.
You spent 377 gold pieces at shops.

Inventory:

Hand Weapons
 a - the +11 short sword of Woe (weapon) {pierce, Int+6}
   (You found it on level 7 of the Dungeon)

   It inflicts extra damage upon your enemies.
   It affects your intelligence (+6).
 w - the +3 whip of Absolution {slash, MR+ Int+6 Dex-5}
   (You found it on level 6 of the Dungeon)

   It inflicts extra damage upon your enemies.
   It affects your intelligence (+6).
   It affects your dexterity (-5).
   It affects your resistance to hostile enchantments.
 R - the +1 hand crossbow of Destruction {venom, Dex+3}
   (You found it on level 5 of the Lair of Beasts)

   It poisons the ammo it fires.
   It affects your dexterity (+3).
Missiles
 d - a throwing net (quivered)
Armour
 h - the +1 ring mail "Zicurch" (worn) {MR+}
   (You found it on level 4 of the Dungeon)

   It affects your resistance to hostile enchantments.
 l - a +0 buckler
 n - a +0 cloak (worn)
 p - a +0 robe
 z - the +2 ring mail of the Wheelwright {Int+2}
   (You found it on level 11 of the Dungeon)

   It affects your intelligence (+2).
 C - a +1 helmet (worn)
 D - a +2 buckler (worn)
 E - a +0 pair of gloves (worn)
 N - a +0 pair of boots (worn)
Jewellery
 g - a ring of magical power (right hand)
 j - a ring of magical power (left hand)
 I - an uncursed ring of protection from cold
 J - an amulet of dismissal (around neck)
Wands
 r - a wand of lightning (15/15)
 x - a wand of iceblast (4/15)
 y - a wand of confusion (37/48)
 O - a wand of paralysis (10/24)
Scrolls
 q - 7 scrolls of remove curse
 t - 3 scrolls of teleportation
 u - 2 scrolls of fog
 B - a scroll of recharging
 F - a scroll of fear
 K - 7 scrolls of identify
Potions
 i - a potion of brilliance
 k - 3 potions of curing
 m - a potion of mutation
 o - 2 potions of heal wounds
 s - 2 potions of invisibility
 A - 2 potions of lignification
Books
 b - a book of Conjurations

   Spells                             Type                      Level
   a - Magic Dart                     Conjuration                  1
   b - Searing Ray                    Conjuration                  2
   c - Dazzling Spray                 Conjuration/Hexes            3
   d - Fulminant Prism                Conjuration/Hexes            4
   e - Iskenderun's Mystic Blast      Conjuration                  4
   f - Iskenderun's Battlesphere      Conjuration/Charms           5
 e - a book of Flames

   Spells                             Type                      Level
   a - Flame Tongue                   Conjuration/Fire             1
   b - Throw Flame                    Conjuration/Fire             2
   c - Conjure Flame                  Conjuration/Fire             3
   d - Inner Flame                    Hexes/Fire                   3
   e - Sticky Flame                   Conjuration/Fire             4
   f - Fireball                       Conjuration/Fire             5
Miscellaneous
 L - a crystal ball of energy
Comestibles
 c - 7 bread rations
 f - 7 meat rations
 v - 6 fruits
 G - a slice of pizza
 H - 5 beef jerkies


   Skills:
 - Level 4.2 Fighting
 - Level 6.0 Dodging
 - Level 2.4 Stealth
 + Level 2.2 Shields
 + Level 15.5 Spellcasting
 + Level 16.6 Conjurations
 - Level 7.2 Charms
 + Level 12.0 Fire Magic
 - Level 3.4 Earth Magic


You had 16 spell levels left.
You knew the following spells:

 Your Spells              Type           Power        Failure   Level  Hunger
a - Magic Dart            Conj           ####         0%          1    None
b - Searing Ray           Conj           ######       0%          2    None
c - Iskenderun's Mystic   Conj           #######.     1%          4    None
d - Iskenderun's Battles  Conj/Chrm      #######.     1%          5    None
e - Fireball              Conj/Fire      #######...   1%          5    None
f - Bolt of Magma         Conj/Fire/Erth #######...   1%          5    None
g - Iron Shot             Conj/Erth      ######....   9%          6    ##.....


Dungeon Overview and Level Annotations

Branches:
Dungeon (12/15)            Temple (1/1) D:5            Lair (5/6) D:8
  Swamp (0/4) Lair:2        Snake (0/4) Lair:2          Orc (2/2) D:9
    Elf (2/3) Orc:2
  Slime: Lair:5-6

Altars:
Ashenzari
Cheibriados
Dithmenos
Gozag
Makhleb
Ru
Sif Muna
Uskayaw
Vehumet
Xom
Yredelemnul
Beogh

Shops:
D:11 (%%?   Orc:2 }(=(   Elf:2 %

Annotations:
D:4 Sigmund
Orc:2 chequers's ghost, journeyman TrTm


Message History

There is a large open door here.
There is a large open door here.
There is a large open door here.
You open the door.
There is an open door here.
You open the door.
There is an open door here.
You open the door.
There is an open door here.
You open the door.
There is an open door here.
You open the door.
A deep elf knight comes into view. It is wielding a long sword.
The deep elf knight shouts!
There is an open door here.
There is an open door here.
The deep elf knight casts a spell at you.
The shard of ice hits you!
Ouch! That really hurt!
You die...

.........# ..#.+##
#.....# #+.#.#.. #.....#
#.#.#.#.# ######'###
#.##.#.#.##.# ....##'###
#.# #.#.#....#
###......##.# #.#.e####+.
..#.......'# #.#........#
#.#...>....##
#.'########+
).#.........# #@........
#)#...).....#####...#####
#.#.......∩.'...'...#
#.#....<....#####...#
#)#.........# #####
..#........##
'##.......## .........##
.....#####


You could see a deep elf knight.

Vanquished Creatures
  A deep elf sorcerer (Elf:2)
  Erolcha (D:9)
  2 hydras
  3 dancing weapons (Elf:1)
  A death yak (Lair:5)
  Urug (Orc:1)
  5 deep elf knights
  A fire crab (Lair:5)
  2 hill giants
  A deep elf archer (Elf:1)
  2 necromancers (Elf:1)
  A large abomination (Elf:1)
  An ugly thing (D:7)
  6 deep elf magi
  3 orc knights (Orc:2)
  Joseph (D:7)
  Maurice (D:9)
  4 elephants (Lair:5)
  3 spiny frogs
  5 komodo dragons
  3 kobold demonologists
  A troll (Orc:2)
  Prince Ribbit (D:7)
  14 blink frogs
  An air elemental (Elf:1)
  A wraith (D:11)
  A fire elemental (Elf:2)
  33 yaks
  A human (D:8)
  A hippogriff (Lair:4)
  4 wargs (Orc:1)
  3 porcupines
  3 water moccasins
  25 orc warriors
  3 sky beasts
  A swamp drake (D:9)
  2 necrophages
  A black bear (D:9)
  3 ice beasts
  A phantom (D:6)
  7 ogres
  6 wolves
  6 crocodiles
  6 centaurs
  3 big kobolds (D:10)
  2 elf zombies (Elf:1)
  11 giant frogs
  An earth elemental (Elf:1)
  A wyvern skeleton (D:10)
  2 scorpions
  A water moccasin skeleton (D:6)
  9 killer bees
  A howler monkey (D:6)
  2 crimson imps
  3 centaur zombies
  3 hounds
  11 orc priests
  13 orc wizards
  4 centaur skeletons
  5 iguanas
  7 worker ants
  9 sheep
  A hound zombie (D:5)
  A mummy (D:8)
  A worker ant zombie (D:8)
  7 adders
  3 gnolls (D:7)
  32 river rats
  2 shadow imps
  An adder skeleton (D:6)
  3 worms
  7 giant geckos
  58 orcs
  A ball python (D:5)
  2 bats (D:2)
  3 giant cockroaches
  A goblin (Orc:1)
  2 hobgoblins
  7 jackals
  2 quokkas (D:8)
  4 giant newts
  A jackal skeleton (D:5)
  6 kobolds
  A kobold zombie (D:8)
  2 rats
409 creatures vanquished.

Vanquished Creatures (collateral kills)
  A giant frog (D:7)
  A centaur zombie (D:7)
  A shadow imp (D:7)
3 creatures vanquished.

Grand Total: 412 creatures vanquished

Notes
Turn   | Place    | Note
-------+----------+-------------------------------------------
     0 | D:1      | PurpleRed the Deep Elf Conjurer began the quest for the Orb.
     0 | D:1      | Reached XP level 1. HP: 10/10 MP: 6/6
    90 | D:2      | Reached XP level 2. HP: 7/15 MP: 1/8
   148 | D:2      | Learned a level 2 spell: Searing Ray
   156 | D:2      | Reached skill level 5 in Conjurations
   233 | D:3      | Reached XP level 3. HP: 11/19 MP: 5/10
   367 | D:4      | Reached XP level 4. HP: 24/24 MP: 12/12
   395 | D:5      | Entered Level 5 of the Dungeon
   404 | D:5      | Reached skill level 6 in Conjurations
   486 | D:4      | Reached XP level 5. HP: 23/28 MP: 14/14
   496 | D:4      | Learned a level 4 spell: Iskenderun's Mystic Blast
   502 | D:4      | Learned a level 5 spell: Iskenderun's Battlesphere
   524 | D:4      | Got an encrusted ring mail
   680 | D:5      | Reached skill level 5 in Spellcasting
   715 | D:4      | Reached skill level 7 in Conjurations
   745 | D:4      | Noticed Sigmund
   766 | D:5      | Noticed an ice beast
   774 | D:5      | HP: 1/28 [ice beast (10)]
   775 | D:5      | Killed an ice beast
   775 | D:5      | Reached XP level 6. HP: 1/32 MP: 15/16
   856 | D:7      | Got a warped short sword
   857 | D:7      | Identified the +11 short sword of Woe {pierce, Int+6} (You found it on level 7 of the Dungeon)
   998 | D:6      | Found a hide-covered altar of Uskayaw.
  1016 | D:6      | Noticed an orc warrior
  1027 | D:6      | Killed an orc warrior
  1027 | D:6      | Reached skill level 8 in Conjurations
  1027 | D:6      | Reached skill level 1 in Charms
  1027 | D:6      | Reached XP level 7. HP: 8/36 MP: 17/18
  1133 | D:7      | Noticed Prince Ribbit
  1137 | D:7      | Killed Prince Ribbit
  1175 | D:7      | Reached skill level 9 in Conjurations
  1229 | D:7      | Noticed Joseph
  1257 | D:7      | Killed Joseph
  1257 | D:7      | Reached XP level 8. HP: 15/41 MP: 6/21
  1366 | D:7      | Identified the cursed +1 ring mail "Zicurch" {MR+} (You found it on level 4 of the Dungeon)
  1391 | D:7      | Reached skill level 5 in Charms
  1418 | D:7      | Reached skill level 10 in Conjurations
  1438 | D:7      | Noticed a cyan ugly thing
  1444 | D:7      | Killed a cyan ugly thing
  1446 | D:7      | Reached XP level 9. HP: 19/45 MP: 7/23
  1580 | D:7      | Reached skill level 11 in Conjurations
  1941 | D:6      | Got a jewelled whip
  1963 | D:6      | Noticed a hill giant
  1974 | D:6      | Killed a hill giant
  1974 | D:6      | Reached skill level 1 in Fighting
  2189 | D:6      | Reached skill level 12 in Conjurations
  2217 | D:6      | Found a sacrificial altar of Ru.
  2331 | D:5      | Found a staircase to the Ecumenical Temple.
  2337 | Temple   | Entered the Ecumenical Temple
  2356 | Temple   | Became a worshipper of Vehumet
  2480 | D:8      | Reached skill level 10 in Spellcasting
  2480 | D:8      | Reached XP level 10. HP: 43/54 MP: 24/26
  2534 | D:9      | Noticed Erolcha
  2542 | D:9      | Killed Erolcha
  2577 | D:9      | Found a deep blue altar of Sif Muna.
  2594 | D:9      | Identified the cursed +3 whip of Absolution {slash, MR+ Int+6 Dex-5} (You found it on level 6 of the Dungeon)
  2610 | D:10     | Entered Level 10 of the Dungeon
  2618 | D:10     | Noticed a gargoyle
  2765 | D:9      | Found a hide-covered altar of Uskayaw.
  2770 | D:9      | Found a shattered altar of Ashenzari.
  2771 | D:9      | Found a shadowy altar of Dithmenos.
  2771 | D:9      | Found an opulent altar of Gozag.
  2865 | D:11     | Got an opal-encrusted ring mail
  2894 | D:11     | Identified the +2 ring mail of the Wheelwright {Int+2} (You found it on level 11 of the Dungeon)
  2951 | D:10     | Found a shadowy altar of Dithmenos.
  3051 | D:10     | Noticed a hill giant
  3056 | D:10     | Killed a hill giant
  3056 | D:10     | Reached skill level 13 in Conjurations
  3067 | D:10     | Reached * piety under Vehumet
  3067 | D:10     | Offered knowledge of Freeze by Vehumet.
  3322 | D:11     | Found Benlash's Antique Weapon Boutique.
  3340 | D:11     | Found Tirreuwa's Food Emporium.
  3361 | D:11     | Found Ruemeyf's Food Shop.
  3363 | D:11     | Found Rallei's Magic Scroll Boutique.
  3373 | D:11     | Bought a scroll of identify for 28 gold pieces
  3373 | D:11     | Bought a scroll of fear for 49 gold pieces
  3482 | D:10     | Reached skill level 5 in Dodging
  3629 | D:9      | Reached XP level 11. HP: 52/60 MP: 20/28
  3636 | D:9      | Offered knowledge of Sandblast by Vehumet.
  3640 | D:9      | Reached ** piety under Vehumet
  3645 | D:9      | Noticed Maurice
  3660 | D:9      | Killed Maurice
  3673 | D:9      | Found a staircase to the Orcish Mines.
  3699 | D:9      | Reached skill level 14 in Conjurations
  4006 | D:8      | Offered knowledge of Throw Frost by Vehumet.
  4137 | D:8      | Found a staircase to the Lair.
  4174 | Lair:1   | Entered Level 1 of the Lair of Beasts
  4176 | Lair:1   | Reached *** piety under Vehumet
  4352 | Lair:1   | Offered knowledge of Mephitic Cloud by Vehumet.
  4499 | Lair:2   | Found a staircase to the Swamp.
  4584 | Lair:2   | Reached skill level 15 in Conjurations
  4605 | Lair:2   | Found a staircase to the Snake Pit.
  4729 | Lair:3   | Reached **** piety under Vehumet
  4808 | Lair:3   | Noticed a seven-headed hydra
  4814 | Lair:3   | Killed a seven-headed hydra
  4814 | Lair:3   | Reached XP level 12. HP: 65/65 MP: 29/31
  4843 | Lair:4   | Offered knowledge of Bolt of Draining by Vehumet.
  5052 | Lair:4   | Noticed a six-headed hydra
  5056 | Lair:4   | Killed a six-headed hydra
  5056 | Lair:4   | Reached skill level 16 in Conjurations
  5203 | Lair:5   | Reached ***** piety under Vehumet
  5203 | Lair:5   | Offered knowledge of Bolt of Magma by Vehumet.
  5211 | Lair:5   | Got an ancient hand crossbow
  5222 | Lair:4   | Learned a level 5 spell: Bolt of Magma
  5224 | Lair:4   | Identified the +1 hand crossbow of Destruction {venom, Dex+3} (You found it on level 5 of the Lair of Beasts)
  5266 | Lair:5   | Reached skill level 1 in Fire Magic
  5335 | Lair:5   | Reached XP level 13. HP: 41/70 MP: 13/33
  5342 | Lair:5   | Learned a level 5 spell: Fireball
  5692 | Orc:1    | Entered Level 1 of the Orcish Mines
  5711 | Orc:1    | Noticed Urug
  5716 | Orc:1    | Killed Urug
  5716 | Orc:1    | Reached skill level 10 in Fire Magic
  5869 | Orc:1    | Found a roughly hewn altar of Beogh.
  6038 | Orc:2    | Entered Level 2 of the Orcish Mines
  6070 | Orc:2    | Noticed chequers's ghost (journeyman TrTm)
  6092 | Orc:2    | Found a staircase to the Elven Halls.
  6276 | Orc:2    | Upgraded the game from 0.19-a0-1225-gf887c1c to 0.19-a0-1238-gee6bd96
  6945 | Orc:2    | Found Quklinab's Jewellery Shoppe.
  6945 | Orc:2    | Found Gubolist's Antique Weapon Shop.
  6947 | Orc:2    | Found Nugubb's Gadget Boutique.
  6949 | Orc:2    | Found Yngunosk's Weapon Emporium.
  6968 | Orc:2    | Bought an uncursed ring of magical power for 300 gold pieces
  7003 | Elf:1    | Entered Level 1 of the Elven Halls
  7021 | Elf:1    | Reached XP level 14. HP: 74/76 MP: 28/34
  7050 | Elf:1    | Reached skill level 15 in Spellcasting
  7065 | Elf:1    | Offered knowledge of Iron Shot by Vehumet.
  7074 | Elf:1    | Learned a level 6 spell: Iron Shot
  7132 | Elf:1    | Reached skill level 1 in Earth Magic
  7132 | Elf:1    | Reached skill level 1 in Shields
  7152 | Elf:1    | HP: 4/114 [morningstar of holy wrath (8)]
  7343 | Elf:1    | HP: 3/76 [war axe of draining (9)]
  7419 | Elf:2    | Found Ririsepp's Food Emporium.
  7447 | Elf:2    | Noticed a deep elf sorcerer
  7453 | Elf:2    | Killed a deep elf sorcerer
  7516 | Elf:2    | Killed from afar by a deep elf knight

Vault maps used:
D:1:      saegor_arrival_miasma
D:3:      first_bread, moated_statue, uniq_robin
D:4:      kennysheep_six_static_rooms, uniq_sigmund
D:6:      nicolae_ru_awakened_eye, basic_altar
D:7:      uniq_prince_ribbit1, uniq_joseph
D:8:      lair_0_dummy, nicolae_ossuary_entry_giza, grunt_livestock
D:9:      old_standard_altar, minitemple, erik_orc_1, uniq_maurice, uniq_erolcha
D:10:     nicolae_dithmenos_the_darkroom
D:11:     serial_shops, shop_statue, shop, shop_fountains, nicolae_shop_crystal
D:12:     kennysheep_dice
Temple:   regret_index_temple_waves
Lair:2:   minmay_swamp_entry_reptiles, guppyfry_snake_entry_garden,
          grunt_megastairs_5
Lair:3:   serial_bayou_shore_a, grunt_megastairs_4
Orc:1:    basic_altar, mines5_lemuel, uniq_urug
Orc:2:    st_orc_rangers
Elf:1:    minmay_elf_necromancy
Elf:2:    serial_shops, shop_coins, shop, nicolae_shop_crystal, shop,
          st_stairs_14, minivault_11, minmay_misc_feat_pillars, minivault_25_ag

Skill      XL: |  1  2  3  4  5  6  7  8  9 10 11 12 13 14 |
---------------+-------------------------------------------+-----
Conjurations   | 5 6 7 8 9 10 12 13 15 16 | 16.6
Spellcasting   | 4 5 6 7 8 10 11 13 14 15 | 15.5
Charms         | 1 4 6 7 |  7.2
Fighting       | 2 3 4 |  4.2
Dodging        | 5 6 |  6.0
Fire Magic     | 8 11 12 | 12.0
Earth Magic    | 3 |  3.4
Shields        | 2 |  2.2
Stealth        | |  2.4

Action                   |  1- 3 |  4- 6 |  7- 9 | 10-12 | 13-15 || total
-------------------------+-------+-------+-------+-------+-------++-------
Melee: Whip              |     4 |       |       |       |       ||     4
       Dagger            |     9 |     6 |       |       |       ||    15
       Short sword       |       |     1 |     2 |    26 |     5 ||    34
 Cast: Magic Dart        |    22 |    24 |    57 |   238 |   144 ||   485
       Searing Ray       |     4 |    16 |    14 |    28 |    12 ||    74
       Iskenderun's Batt |       |     1 |    15 |    53 |    43 ||   112
       Iskenderun's Myst |       |       |     9 |    36 |    25 ||    70
       Fireball          |       |       |       |       |    40 ||    40
       Bolt of Magma     |       |       |       |       |    10 ||    10
  Use: Scroll            |       |     7 |     5 |     9 |       ||    21
       Potion            |       |       |     2 |     2 |     3 ||     7
 Stab: Sleeping          |       |     1 |       |     3 |       ||     4
  Eat: Chunk             |       |       |     6 |    11 |     3 ||    20
       Royal jelly       |       |       |       |       |     1 ||     1
       Pizza             |       |       |       |       |     2 ||     2
Armor: Robe              |     9 |     7 |     5 |     4 |       ||    25
       Skin              |       |       |     1 |       |     1 ||     2
       Ring mail         |       |       |       |    36 |    26 ||    62
Dodge: Dodged            |    14 |    15 |    20 |    78 |    39 ||   166
Block: Buckler           |       |       |       |       |     1 ||     1
